 Dungeon Crawl Stone Soup version 0.29.1-1-gd02db6906a (webtiles) character file.

Game seed: 12642771526181610818

102 concernfroge the Trooper (level 4, 0/39 HPs)
             Began as a Mummy Monk on Sept 18, 2022.
             Killed by divine providence
             ... invoked by an orc priest
              (12 damage)
             ... on level 4 of the Dungeon.
             The game lasted 00:05:54 (2103 turns).

concernfroge the Trooper (Mummy Monk)               Turns: 2103, Time: 00:05:54

Health: 0/39       AC:  6    Str: 16    XL:     4   Next: 49%
Magic:  4/4        EV: 16    Int:  9    God:
Gold:   134        SH:  0    Dex: 14    Spells: 3/3 levels left

rFire   x . .      SeeInvis .   a - +0 spear
rCold   + + .      Faith    .   (no shield)
rNeg    + + +      Spirit   .   h - +3 leather armour {rC+}
rPois   ∞          Reflect  .   (no helmet)
rElec   .          Harm     .   (no cloak)
rCorr   .          Rampage  .   (no gloves)
Will    .....                   (no boots)
Stlth   ++........              c - amulet of regeneration
HPRegen 0.93/turn               i - +4 ring of evasion
MPRegen 0.09/turn               (no ring)

@: no status effects
A: cold resistance 1, negative energy resistance 3, torment resistance 2, heat
vulnerability 1, in touch with death 1, no potions
a: no special abilities


You were on level 4 of the Dungeon.
You visited 1 branch of the dungeon, and saw 4 of its levels.

You collected 134 gold pieces.

Inventory:

Hand Weapons
 a - a +0 spear (weapon)
Armour
 h - a +3 leather armour of cold resistance (worn)
Jewellery
 c - an amulet of regeneration (around neck)
 i - a +4 ring of evasion (left hand)
 l - an amulet of reflection
Wands
 k - a wand of polymorph (7)
Scrolls
 e - a scroll of blinking
 f - 3 scrolls of immolation
 n - a scroll of acquirement {unknown}
 o - a scroll of teleportation {unknown}


   Skills:
 + Level 5.3 Fighting
 - Level 2.4 Polearms
 - Level 2.4 Dodging
 - Level 1.5 Stealth


You had 3 spell levels left.
You didn't know any spells.
Your spell library contained the following spells:

 Spells                   Type           Power      Damage    Failure   Level
 Summon Forest            Summ/Tloc      0%         N/A       100%        5
 Eringya's Noxious Bog    Tmut/Pois      0%         N/A       100%        6
 Malign Gateway           Summ/Tloc      0%         N/A       100%        7
 Summon Hydra             Summ           0%         N/A       100%        7
 Summon Horrible Things   Summ           0%         N/A       100%        8


Dungeon Overview and Level Annotations

Branches:
Dungeon (4/15)
 Temple: D:4-7

Altars:
Qazlal


Innate Abilities, Weirdness & Mutations

You are immune to poison.
Your flesh is cold resistant. (rC+)
You are immune to negative energy. (rN+++)
You are immune to unholy pain and torment.
You are vulnerable to heat. (rF-)
You are in touch with the powers of death.
You do not drink.


Message History

The hobgoblin barely misses you.
You hit the hobgoblin.
You kill the hobgoblin!
The orc priest looks encouraged for a moment.
As you read the scroll labelled GICEOR COSMIDD, it crumbles to dust.
It is a scroll of identify.
f - 3 scrolls of immolation The orc priest closely misses you.
As you read the scroll labelled NEIVEVVUMA, it crumbles to dust.
You hear the tinkle of a tiny bell.
It was a scroll of butterflies.
The orc priest miscasts a cantrip.
You swap places.
The orc priest looks encouraged for a moment.
The orc priest invokes the aid of Beogh against you.
Beogh smites you!
* * * LOW HITPOINT WARNING * * *
You see here a +0 scale mail.
You swap places.
The orc priest closely misses your butterfly.
The orc priest miscasts a cantrip.
The orc priest closely misses your butterfly.
The orc priest barely misses your butterfly.
The orc priest casts a cantrip, but nothing happens.
The orc priest looks encouraged for a moment.
An orc comes into view. It is wielding a +0 short sword.
The orc priest miscasts a cantrip.
As you read the scroll labelled QYMOH WUADUIN, it crumbles to dust.
You feel a surge of unholy energy.
The orc priest convulses!
The orc convulses!
The orc shouts!
It was a scroll of torment.
You hear a shout!
The orc priest misses your butterfly.
An orc comes into view. It is wielding a +0 club.
The orc shouts!
As you read the scroll labelled NOZOALL GEDD, it crumbles to dust.
It is a scroll of enchant armour.
Your +2 leather armour of cold resistance glows green for a moment.
The orc priest calls down the wrath of Beogh upon you.
Beogh smites you!
You die...

######## . ##......#
...g..(b..#
#..#b##b#############
#(...oo[b....@.....o.
#..#b##b############o
#.......# ...b...)#
##(####### #. #


You could see an orc priest (ally target) and 2 orcs.

Vanquished Creatures
  2 adders (D:2)
  A shadow imp (D:3)
  3 worms
  A dart slug (D:2)
  3 orcs (D:4)
  4 endoplasms
  3 giant cockroaches
  5 goblins
  7 hobgoblins
  3 jackals (D:1)
  9 kobolds
  2 quokkas (D:3)
  4 ball pythons
  4 bats
  5 frilled lizards
  3 rats
59 creatures vanquished.

Notes
Turn   | Place    | Note
-------+----------+-------------------------------------------
     0 | D:1      | concernfroge the Mummy Monk began the quest for the Orb.
     0 | D:1      | Reached XP level 1. HP: 18/18 MP: 1/1
   111 | D:1      | Reached XP level 2. HP: 24/24 MP: 2/2
   275 | D:1      | Found a faded altar of an unknown god.
   305 | D:1      | Reached skill level 4 in Fighting
   500 | D:1      | Gained mutation: You are in touch with the powers of death.
                  | [Mummy growth]
   500 | D:1      | Reached XP level 3. HP: 28/30 MP: 3/3
  1317 | D:2      | Reached XP level 4. HP: 38/38 MP: 4/4
  1489 | D:2      | Reached skill level 5 in Fighting
  1691 | D:3      | Found a stormy altar of Qazlal.
  2103 | D:4      | Killed from afar by an orc priest

Illustrated notes

Levels and vault maps discovered:
D:1:      erik_arrival_cave_to_civilisation [erik_arrival_cave_to_hall],
          layout_basic, dreamdust_ecumenical_altar_grove,
          chequers_hall_statues_wall_a, dreamdust_mushroom_princess
D:2:      layout_loops_corners
D:3:      layout_basic, nemelex_dance_club_becter,
          nicolae_qazlal_general_emergency, serial_glass, glass_columns_b,
          glass_columns_a, glass_columns_b, glass_columns_a, glass_columns_b,
          glass_columns_b, st_stairs_8, kennysheep_orc_chapel
D:4:      layout_loops_cross, nicolae_ossuary_entry_ruins,
          lightli_sewer_entry_pipes, uniq_menkaure

Skill      XL: |  1  2  3  4 |
---------------+-------------+-----
Fighting       | 4 5 |  5.3
Polearms       | |  2.4
Dodging        | |  2.4
Stealth        | |  1.5

Action                   |  1- 3 |  4- 6 || total
-------------------------+-------+-------++-------
Melee: Spear             |   162 |   100 ||   262
       Punch             |       |     1 ||     1
Throw: Dart              |     9 |    10 ||    19
  Use: Scroll            |       |     6 ||     6
 Stab: Sleeping          |     3 |     1 ||     4
Armor: Robe              |    10 |       ||    10
       Leather armour    |    16 |    16 ||    32
Dodge: Dodged            |    68 |    59 ||   127
